 Dungeon Crawl Stone Soup version 0.29-a0-512-gf59ac788ac (webtiles) character file.

Game seed: 12078842086388897649

140 jsc1455 the Slasher (level 5, -4/47 HPs)
             Began as a Minotaur Monk on May 30, 2022.
             Killed from afar by Natasha (9 damage)
             ... with a puff of flame
             ... on level 2 of the Dungeon.
             The game lasted 00:07:57 (2156 turns).

jsc1455 the Slasher (Minotaur Monk)                 Turns: 2156, Time: 00:07:58

Health: -4/47      AC:  3    Str: 15    XL:     5   Next: 2%
Magic:  4/4        EV: 13    Int:  7    God:
Gold:   41         SH:  0    Dex: 15    Spells: 4/4 levels left

rFire   . . .      SeeInvis .   a - +0 falchion
rCold   . . .      Faith    .   (no shield)
rNeg    . . .      Spirit   .   b - +1 robe
rPois   .          Reflect  .   (helmet restricted)
rElec   .          Harm     .   (no cloak)
rCorr   .          Rampage  .   (no gloves)
Will    .....                   (no boots)
Stlth   ++........              (no amulet)
HPRegen 0.15/turn               (no ring)
MPRegen 0.09/turn               (no ring)

@: slowed, very slow
A: horns 2, retaliatory headbutt
a: no special abilities


You were on level 2 of the Dungeon.
You visited 1 branch of the dungeon, and saw 2 of its levels.

You collected 41 gold pieces.

Inventory:

Hand Weapons
 a - a +0 falchion (weapon)
Armour
 b - a +1 robe (worn)
Scrolls
 d - a scroll of fear
 e - a scroll of identify {unknown}
 f - a scroll of immolation
 g - a scroll of enchant armour
Potions
 c - a potion of ambrosia
 h - a potion of haste {unknown}


   Skills:
 + Level 4.6 Fighting
 + Level 5.4 Long Blades
 + Level 4.1 Dodging
 + Level 1.9 Stealth


You had 4 spell levels left.
You didn't know any spells.
Your spell library was empty.

Dungeon Overview and Level Annotations

Branches:
Dungeon (2/15)

Altars:
Nemelex Xobeh

Annotations:
D:2 Natasha


Innate Abilities, Weirdness & Mutations

You have a pair of horns on your head.
You reflexively headbutt those who attack you in melee.


Message History

You hit Natasha.
Natasha is lightly wounded.
Natasha closely misses you.
You slash Natasha!
Natasha is severely wounded.
Natasha casts a spell at you.
You feel yourself slow down.
You hit Natasha.
You kill Natasha!
Natasha yowls pathetically as she dies!
You have reached level 5!
You start resting.
A goblin is nearby!
The goblin shouts!
Things that are here:
a +0 dagger; a goblin corpse The goblin drinks a potion.
The goblin suddenly seems more resistant.
A goblin is nearby!
You hit the goblin.
The goblin is moderately wounded.
You feel yourself speed up. The goblin barely misses you.
The goblin misses you. You furiously retaliate!
You headbutt the goblin.
You kill the goblin!
You see here a +0 dagger.
You start resting.
Natasha, Servant of Life and Death comes into view.
She is carrying a wand of flame (13).
You start resting.
Natasha is nearby!
Natasha hisses angrily.
A rat comes into view.
Found an escape hatch in the floor.
Natasha zaps a wand.
The puff of flame hits you!
* * * LOW HITPOINT WARNING * * *
Natasha stares at you and mumbles some strange words.
You feel yourself slow down.
Natasha zaps a wand.
The puff of flame misses you. The rat completely misses you.
Natasha zaps a wand.
The puff of flame hits you!
You die...

#.........#...#....<).......
#.........#h.#.##......#...†
#.##......#.###.#...........
# #.###..#..# #.#####......
..........#.###.##........
..........##.#....##.##...
.................##.....
......r.#.........###...
.......@.....###...####.
........#....# #...####
>.......#....# #......
........##...# #>_....
........##...#####.....[
...............##)..####
########.......#...##...
#..........###.[.
#.........## #...


You could see Natasha and a rat.

Vanquished Creatures
  Jessica (D:2)
  Natasha (twice) (D:2)
  An adder (D:2)
  A worm (D:2)
  2 dart slugs
  An endoplasm (D:1)
  2 giant cockroaches (D:2)
  7 goblins
  8 hobgoblins
  3 quokkas
  5 ball pythons
  4 bats
  2 frilled lizards
  3 kobolds (D:1)
  8 rats
50 creatures vanquished.

Notes
Turn   | Place    | Note
-------+----------+-------------------------------------------
     0 | D:1      | jsc1455 the Minotaur Monk began the quest for the Orb.
     0 | D:1      | Reached XP level 1. HP: 19/19 MP: 0/0
   277 | D:1      | Reached skill level 4 in Long Blades
   286 | D:1      | Reached XP level 2. HP: 13/27 MP: 1/1
  1043 | D:1      | Reached XP level 3. HP: 33/33 MP: 2/2
  1773 | D:2      | Found a faded altar of an unknown god.
  1778 | D:2      | Noticed Jessica
  1788 | D:2      | Killed Jessica
  1806 | D:2      | Found a sparkling altar of Nemelex Xobeh.
  1819 | D:2      | Reached XP level 4. HP: 41/41 MP: 3/3
  1936 | D:2      | Noticed Natasha
  1944 | D:2      | Killed Natasha
  1945 | D:2      | Reached skill level 5 in Long Blades
  2097 | D:2      | Noticed Natasha
  2109 | D:2      | Killed Natasha
  2110 | D:2      | Reached XP level 5. HP: 5/47 MP: 4/4
  2143 | D:2      | Noticed Natasha
  2156 | D:2      | Killed from afar by Natasha

Illustrated notes

Levels and vault maps discovered:
D:1:      amcnicky_arrival_flooded_fountain, layout_basic
D:2:      layout_rooms, basic_altar, hellmonk_ecumenical_altar_crossroads,
          grunt_ministairs_2, minmay_tripent, uniq_jessica, uniq_natasha

Skill      XL: |  1  2  3  4 |
---------------+-------------+-----
Long Blades    | 4 5 |  5.4
Fighting       | 4 |  4.6
Dodging        | 4 |  4.1
Stealth        | |  1.9

Action                   |  1- 3 |  4- 6 || total
-------------------------+-------+-------++-------
Melee: Falchion          |    82 |    32 ||   114
       Headbutt          |    10 |     5 ||    15
       Punch             |       |     1 ||     1
  Use: Scroll            |       |     3 ||     3
Armor: Robe              |    21 |     6 ||    27
Dodge: Dodged            |    64 |    38 ||   102

Table legend: (Time is in decaauts)
 A = Elapsed time spent in this place.
 B = Non-inter-level travel time spent in this place.
 C = Inter-level travel time spent in this place.
 D = Time resting spent in this place.
 E = Time spent auto-exploring this place.
 F = Levels seen in this place.
 G = Mean time per level.
                   A        B        C        D        E       F      G
               +--------+--------+--------+--------+--------+-----+--------+
         Total |   2171 |   2165 |      6 |    597 |      0 |   2 | 1085.5 |
       Dungeon |   2171 |   2165 |      6 |    597 |      0 |   2 | 1085.5 |
               +--------+--------+--------+--------+--------+-----+--------+

Top non-repeatable levels by time:
     D:1: 1768 daAuts
     D:2: 402 daAuts
